 Dungeon Crawl Stone Soup version 0.31-a0-880-g9a209b2425 (webtiles) character file.

Game seed: 11392924968840772611

49 BinkBink the Cudgeller (level 3, -5/21 HPs)
             Began as a Gargoyle Reaver on Oct 15, 2023.
             Blown up by Ijyb (17 damage)
             ... with a mindburst bolt
             ... on level 3 of the Dungeon.
             The game lasted 00:02:10 (1543 turns).

BinkBink the Cudgeller (Gargoyle Reaver)            Turns: 1543, Time: 00:02:10

Health: -5/21      AC:  6    Str: 14 (17) XL:     3   Next: 77%
Magic:  6/6        EV: 11    Int: 10 (13) God:
Gold:   116        SH:  0    Dex:  6 (8)  Spells: 5/6 levels left

rFire   + . .        a - +0 mace
rCold   + . .        (no shield)
rNeg    + . .        b - +0 leather armour
rPois   ∞            (no helmet)
rElec   +            (no cloak)
rCorr   +            (no gloves)
SInv    .            (no boots)
Will    .....        (no amulet)
Stlth   +            (no ring)
HPRegen 0.23/turn    (no ring)
MPRegen 0.10/turn

%: no passive effects
@: resistant, hasted, very quick
A: sickness immunity, AC +3, negative energy resistance 1, electricity
resistance, torment resistance 1, petrification resistance
a: no special abilities


You were on level 3 of the Dungeon.
You visited 1 branch of the dungeon, and saw 3 of its levels.

You collected 116 gold pieces.

Inventory:

Hand Weapons
 a - a +0 mace (weapon)
Armour
 b - a +0 leather armour (worn)
Jewellery
 g - a ring of protection from cold
Scrolls
 f - 3 scrolls of revelation
 j - a scroll of poison
Potions
 k - a potion of might {unknown}


   Skills:
 - Level 2.2 Fighting
 * Level 3.8 Maces & Flails
 + Level 1.5 Armour
 + Level 2.1 Dodging
 - Level 2.0 Spellcasting
 - Level 3.3 Conjurations


You had 5 spell levels left.
You knew the following spells:

 Your Spells              Type           Power      Damage    Failure   Level
a - Kiss of Death         Conj/Necr      16%        2d6       21%         1

Your spell library contained the following spells:

 Spells                   Type           Power      Damage    Failure   Level
 Momentum Strike          Conj/Tloc      8%         3d8       30%         2
 Sting                    Tmut/Pois      4%         1d3       36%         1
 Poisonous Vapours        Pois/Air       2%         N/A       50%         2
 Dazzling Flash           Conj/Hex       8%         N/A       52%         3
 Hailstorm                Conj/Ice       4%         3d4       52%         3
 Volatile Blastmotes      Fire/Tloc      2%         2d10      75%         3
 Olgreb's Toxic Radiance  Pois           1%         N/A       98%         4
 Starburst                Conj/Fire      2%         6d3       100%        6
 Maxwell's Capacitive Co  Air            0%         ∞         100%        8


Dungeon Overview and Level Annotations

Branches:
Dungeon (3/15)

Altars:

Annotations:
D:3 Ijyb


Innate Abilities, Weirdness & Mutations

You are immune to sickness and miasma.
Your stone body is resilient. (AC +3)
You are immune to poison.
You resist negative energy. (rN+)
You are resistant to electric shocks. (rElec)
You are resistant to unholy torment.
You are immune to petrification.


Message History

You hit Ijyb but do no damage.
Ijyb is lightly wounded.
Ijyb screams, "No!
No, no, no, no!"
Ijyb hits you with a +0 club.
You hit Ijyb.
Ijyb is moderately wounded.
Ijyb misses you. Ijyb barely misses you.
You closely miss Ijyb.
Ijyb is moderately wounded.
Ijyb screams, "Me stronger than you!" Ijyb hits you with a +0 club.
You hit Ijyb.
Ijyb is moderately wounded.
Ijyb hits you but does no damage.
You completely miss Ijyb. You punch Ijyb, but do no damage.
Ijyb is moderately wounded.
Ijyb misses you.
You closely miss Ijyb.
Ijyb is moderately wounded.
Ijyb zaps a wand.
Your mind is blasted!
* * * LOW HITPOINT WARNING * * *
You are too injured to fight recklessly!
You are too injured to fight recklessly!
You are too injured to fight recklessly!
It was a potion of resistance.
You feel protected. Ijyb hits you but does no damage.
It was a potion of degeneration.
There was something very wrong with that liquid.
You feel weakened.
You feel dopey.
You feel clumsy. Ijyb barely misses you.
It was a potion of magic.
Magic courses through your body.
Ijyb zaps a wand.
Your mind is blasted!
* * * LOW HITPOINT WARNING * * *
It was a potion of curing.
You feel better.
Ijyb zaps a wand.
You barely resist.
It was a potion of haste.
You feel yourself speed up.
Ijyb zaps a wand.
Your mind is blasted!
Ouch! That really hurt!
You die...

### ... ..# #.#
#.# #g# #@#
#####'##
#......###########
#......'.........#
#......#########.#
+......+ #.#
#......# #.#
#......# #.#
#......# #.#


You could see Ijyb.

Vanquished Creatures
  An adder (D:2)
  2 worms (D:2)
  A dart slug (D:1)
  4 endoplasms
  A giant cockroach (D:1)
  3 goblins
  2 hobgoblins
  6 jackals
  2 ball pythons (D:1)
  2 bats (D:1)
  3 frilled lizards (D:2)
  2 kobolds (D:2)
  A rat (D:1)
30 creatures vanquished.

Notes
Turn   | Place    | Note
-------+----------+-------------------------------------------
     0 | D:1      | BinkBink the Gargoyle Reaver began the quest for the Orb.
     0 | D:1      | Reached XP level 1. HP: 12/12 MP: 3/3
   167 | D:1      | Reached XP level 2. HP: 16/17 MP: 5/5
   408 | D:1      | Reached skill level 1 in Armour
   771 | D:2      | Reached XP level 3. HP: 19/21 MP: 6/6
  1521 | D:3      | Noticed Ijyb
  1543 | D:3      | Blown up by Ijyb

Illustrated notes

Levels and vault maps discovered:
D:1:      tarquinn_simple_flora_water_b, layout_loops_cross
D:2:      layout_loops_cross, hex_large, chequers_serial_rivers_marsh,
          chequers_decorated_corner, nicolae_kite_square_tiling_tiny
D:3:      layout_basic, lemuel_tele_altar, uniq_sigmund, uniq_ijyb

Skill      XL: |  1  2  3 |
---------------+----------+-----
Armour         | 1 |  1.5
Dodging        | 2 |  2.1
Fighting       | |  2.2
Maces & Flails | |  3.8
Spellcasting   | |  2.0
Conjurations   | |  3.3

Action                     || total
---------------------------++-------
  Melee: Mace              ||   118
         Punch             ||     2
    Use: Potion            ||     5
         Scroll            ||     2
 Armour: Leather armour    ||    62
  Dodge: Dodged            ||    70

Table legend: (Time is in decaauts)
 A = Elapsed time spent in this place.
 B = Non-inter-level travel time spent in this place.
 C = Inter-level travel time spent in this place.
 D = Time resting spent in this place.
 E = Time spent auto-exploring this place.
 F = Levels seen in this place.
 G = Mean time per level.
                   A        B        C        D        E       F      G
               +--------+--------+--------+--------+--------+-----+--------+
         Total |   1571 |   1534 |     37 |    100 |   1171 |   3 |  523.7 |
       Dungeon |   1571 |   1534 |     37 |    100 |   1171 |   3 |  523.7 |
               +--------+--------+--------+--------+--------+-----+--------+

Top non-repeatable levels by time:
     D:2: 850 daAuts
     D:1: 674 daAuts
     D:3: 46 daAuts
